Cogmind - Beta 16 @@@ ROGUE MODE // 2026.01.04 @ 19:33:33 Player: PDX-G8 Result: Destroyed by G-47 Trooper with Particle Gun Performance ------------- Evolutions (2) 1000 Regions Visited (3) 600 Robots Destroyed (32) 160 Value Destroyed (707) 707 Prototype IDs (2) 40 Alien Tech Used (0) 0 Bonus (0) 0 TOTAL SCORE: 2507 Bonus ------- None Cogmind --------- Core Integrity 0/550 Matter 233/300 Energy 74/100 System Corruption 0% Temperature Cool (9) Movement Rolling (90) Location -8/Materials Parts ------- > --- POWER (1) -------- (None) > --- PROPULSION (2) --- Compact Wheel Backup Propulsion I > --- UTILITY (5) ------ Advanced Targeting Computer Advanced Targeting Computer Reaction Control System Reaction Control System Hardened Medium Armor Plating > --- WEAPON (3) ------- (None) > --- INVENTORY (5) ---- Improved Ion Engine Peak State ------------ > --- POWER ------------ Improved Ion Engine > --- PROPULSION ------- Wheel Compact Wheel > --- UTILITY ---------- Seismic Detector Advanced Targeting Computer Advanced Targeting Computer Hardened Light Armor Plating Hardened Light Armor Plating > --- WEAPON ----------- Shotgun Shotgun Shotgun > --- INVENTORY -------- Improved Ion Engine Mining Laser [Rating: 21] Favorites ----------- Power Improved Ion Engine Engine Improved Ion Engine Propulsion Compact Wheel Wheel Compact Wheel Hover Unit Backup Propulsion I Utility Advanced Targeting Computer Device Seismic Detector Storage Medium Matter Pod Processor Advanced Targeting Computer Protection Weapon Shielding Weapon Shotgun Ballistic Gun Shotgun Special Weapon Mining Laser Build | -11 -10 -9 -8 ------- Run | Yrd Mat Mat Mat Slots Evolved 4 | . . 2 2 Power . | . . . . Propulsion . | . . . . Utility 3 | . . 2 1 Weapon 1 | . . . 1 Parts Attached 32 | 5 6 7 14 Power 3 | 1 1 . 1 Engine 3 | 1 1 . 1 Core . | . . . . Reactor . | . . . . Propulsion 6 | 2 . 1 3 Treads . | . . . . Leg . | . . . . Wheel 5 | 2 . 1 2 Hover 1 | . . . 1 Flight . | . . . . Utility 15 | . 4 3 8 Device 4 | . . 2 2 Storage 2 | . 2 . . Processor 2 | . . . 2 Hackware . | . . . . Protection 7 | . 2 1 4 Artifact . | . . . . Weapon 8 | 2 1 3 2 Energy Gun . | . . . . Energy Cannon . | . . . . Ballistic Gun 7 | 2 1 3 1 Ballistic Cannon . | . . . . Launcher . | . . . . Special Weapon 1 | . . . 1 Impact Weapon . | . . . . Slashing Weapon . | . . . . Piercing Weapon . | . . . . Special Melee Weapon . | . . . . Unidentified Prototypes 2 | . . . 2 Parts Lost 15 | . . . 15 Power 1 | . . . 1 Propulsion 3 | . . . 3 Utility 6 | . . . 6 Weapon 5 | . . . 5 Highest Loss Streak 7 | . . . 7 To Critical Strikes . | . . . . Average Backups 3 | . 3 4 2 Power . | . . . . Propulsion . | . . . . Utility 1 | . 1 2 . Weapon 1 | . 1 2 . Tool/Special . | . . . . Unused Backups 9 | . 3 3 3 Power 3 | . 1 1 1 Propulsion . | . . . . Utility 2 | . 1 1 . Weapon 4 | . 1 1 2 Tool/Special . | . . . . Average Slot Usage (%) 93 | . 95 99 85 Engine 10 | . 14 11 8 Wheel 21 | . 28 22 15 Device 7 | . . 14 6 Storage 1 | . 4 . . Processor 6 | . . . 17 Protection 21 | . 19 28 15 Ballistic Gun 23 | . 28 22 20 Peak Build Rating 21 | 5 10 15 21 Average Rating 14 | 3 8 14 18 On Entrance 7 | . 5 10 15 Avg Prop Armor Cover (%) 9 | . . . 9 Naked Turns . | . . . . Heaviest Build 30 | 6 27 27 30 Greatest Support 26 | 26 26 26 26 Greatest Overweight (x) 8 | 1 1 1 8 Average Overweight (x) . | . . . . Largest Inventory Capacity 15 | 5 15 5 5 Average Capacity 5 | 5 6 5 5 Most Carried 5 | 2 5 5 4 Average Carried 3 | . 3 4 2 Final Capacity 5 | 5 5 5 5 Final Carried 5 | 2 5 5 1 Class Distribution -------------------- 71% | Mutant 25% | Gunner 3% | Tank Dominant Class ---------------- Mutant | -10/Materials Mutant | -9/Materials Gunner | -8/Materials Resources | -11 -10 -9 -8 ----------- Run | Yrd Mat Mat Mat Matter Collected 963 | 191 112 334 326 Remotely . | . . . . Salvage Created 903 | . 112 452 339 Parts 62 | . 10 36 16 Haulers Intercepted 2 | . 1 1 . Recyclers Shooed . | . . . . Parts Field Recycled . | . . . . Retrieved Matter . | . . . . Parts Self-Destructed . | . . . . Prevented . | . . . . Parts Restored . | . . . . Kills | -11 -10 -9 -8 ------- Run | Yrd Mat Mat Mat Combat Hostiles Destroyed 28 | . 2 16 10 Guns 28 | . 2 16 10 Classes Destroyed 6 | . 2 3 1 Worker 1 | . . . 1 Builder 1 | . . 1 . Hauler 2 | . 1 1 . Swarmer 15 | . . 11 4 Grunt 7 | . 2 2 3 Sentry 6 | . . 3 3 Best Kill Streak 7 | . 2 7 7 Combat Bots Only 7 | . 2 7 6 Max Kills in Single Turn 2 | . 1 2 2 Gunslinging . | . . . . Exploded . | . . . . Melee . | . . . . Uniques/NPCs Destroyed . | . . . . Combat | -11 -10 -9 -8 -------- Run | Yrd Mat Mat Mat Hostile Shots Fired 235 | . 10 54 171 Missed 53 | . 3 14 36 Hits 182 | . 7 40 135 Projectile 182 | . 7 40 135 Critical Strikes 6 | . . 1 5 Damage Taken 2411 | . 117 356 1938 Core 636 | . 36 36 564 Absorbed by Shields 58 | . . 58 . Redirected to Shielding 52 | . 19 29 4 Regen/Repaired (Parts) 33 | . . . 33 Core Remaining (%) 92 | 100 85 91 . Volleys Fired 66 | . 7 26 33 Largest 3 | . 2 2 3 Hottest 123 | . 43 46 123 Shots Fired 133 | . 14 52 67 Gun 126 | . 14 52 60 Cannon . | . . . . Launcher . | . . . . Special 7 | . . . 7 Kinetic 126 | . 14 52 60 Thermal 7 | . . . 7 Explosive . | . . . . Electromagnetic . | . . . . Robot Hit Streak 27 | . 6 14 27 Robot Miss Streak 9 | . 2 9 3 Penetration Max . | . . . . Secondary Targets 4 | . . 3 1 Max Gunslinging Chain 1 | . . 1 1 Shots Hit Robots 91 | . 9 35 47 Core Hits 57 | . 6 27 24 Critical Kills . | . . . . Critical Parts Destroyed . | . . . . Critical Strikes . | . . . . Melee Attacks . | . . . . Impact . | . . . . Slashing . | . . . . Piercing . | . . . . Sneak Attacks . | . . . . Combat Hostiles . | . . . . Follow-up Attacks . | . . . . Damage Inflicted 1617 | . 173 599 845 Guns 1577 | . 173 583 821 Cannons . | . . . . Explosions . | . . . . Melee . | . . . . Ramming 16 | . . 16 . Kinetic 1577 | . 173 583 821 Thermal 24 | . . . 24 Explosive . | . . . . Electromagnetic . | . . . . Impact . | . . . . Slashing . | . . . . Piercing . | . . . . Highest Corruption . | . . . . Average Corruption . | . . . . Corruption Purged . | . . . . Corruption Blocked . | . . . . Overload Shots . | . . . . Overflow Damage 6 | . . 6 . Projectiles . | . . . . Explosions . | . . . . Melee 6 | . . 6 . Knockbacks . | . . . . Impact . | . . . . Kinetic . | . . . . Secondary . | . . . . Self-Inflicted Damage 8 | . . 8 . Shots . | . . . . Rammed 1 | . . 1 . Targets Rammed 1 | . . 1 . Kicked . | . . . . Crushed . | . . . . Highest Temperature 211 | . 14 51 211 Average Temperature 59 | . 7 17 78 Received Heat Transfer 1131 | . 42 72 1017 Siege Activations . | . . . . Martial Activations . | . . . . Shielding Activations . | . . . . Robots Disrupted . | . . . . Combat Hostiles . | . . . . Robots Corrupted . | . . . . Combat Hostiles . | . . . . Parts Fried . | . . . . Impact Corruptions 1 | . . 1 . Robots Melted . | . . . . Combat Hostiles . | . . . . Parts Melted . | . . . . Heat Transferred 50 | . . . 50 Parts Sabotaged . | . . . . Parts Stolen . | . . . . Parts Stripped . | . . . . Power Chain Reactions . | . . . . Alert | -11 -10 -9 -8 ------- Run | Yrd Mat Mat Mat Maximum Alert Level 1 | . . 1 . Low Security (%) 84 | 100 100 56 100 Level 1 15 | . . 43 . Level 2 . | . . . . Level 3 . | . . . . Level 4 . | . . . . Level 5 . | . . . . High Security . | . . . . Max Security . | . . . . Peak Influence 307 | . 40 307 156 Initial 118 | . . 5 118 Average 98 | . 8 174 93 Influence Increases 875 | . 71 472 332 Destroy 0b10 Robot/C 560 | . 40 320 200 Destroy 0b10 Robot/NC 20 | . 5 10 5 Destroy Leader 144 | . 12 82 50 Successful Hack 26 | . 14 . 12 Destroy Structure 5 | . . . 5 Lose Combat Pursuer 120 | . . 60 60 Influence Decreases 805 | . 57 206 542 Entered New Map 171 | . . 9 162 Time Decay 484 | . 57 197 230 Lost Part 150 | . . . 150 Squads Dispatched 8 | . 1 4 3 Investigation 4 | . 1 2 1 Extermination . | . . . . Reinforcement 4 | . . 2 2 Assault . | . . . . Garrison . | . . . . Intercept . | . . . . Searches Triggered . | . . . . Construction Impeded . | . . . . Haulers Reinforced . | . . . . Active Scanning Responses . | . . . . Cargo Convoy Interrupts . | . . . . Stealth | -11 -10 -9 -8 --------- Run | Yrd Mat Mat Mat Distress Signals 8 | . 2 4 2 Communications Jammed . | . . . . Distress Signals . | . . . . Times Spotted 59 | . 6 25 28 Peak Tracking Total 9 | . 3 9 9 Tactical Retreats 6 | . . 3 3 Traps | -11 -10 -9 -8 ------- Run | Yrd Mat Mat Mat Traps Triggered 4 | . 2 2 . Indirectly . | . . . . Trap Hack Attempts . | . . . . Triggered . | . . . . Disarmed . | . . . . Reprogrammed . | . . . . Reused . | . . . . Traps Extracted . | . . . . Installed . | . . . . Triggered . | . . . . Machines | -11 -10 -9 -8 ---------- Run | Yrd Mat Mat Mat Machines Disabled . | . . . . Max in Single Turn . | . . . . Machines Repaired . | . . . . Machines Dismantled . | . . . . Machines Sabotaged . | . . . . Overloaded Fab Kills . | . . . . Hacking | -11 -10 -9 -8 --------- Run | Yrd Mat Mat Mat Machines Accessed 8 | . 2 2 4 Terminals 5 | . 2 1 2 Fabricators . | . . . . Repair Stations 1 | . . . 1 Recycling Units . | . . . . Scanalyzers 2 | . . 1 1 Garrison Access . | . . . . Total Hacks 22 | . 4 8 10 Successful 12 | . 3 3 6 Failed 8 | . 1 4 3 Catastrophic 2 | . . 1 1 Database Lockouts 2 | . . 1 1 Manual 14 | . 4 5 5 Terminals 15 | . 4 6 5 Fabricators . | . . . . Repair Stations 3 | . . . 3 Recycling Units . | . . . . Scanalyzers 4 | . . 2 2 Garrison Access . | . . . . Terminal Hacks 5 | . 2 2 1 Robot Analysis 1 | . . 1 . Branch Access Points 1 | . 1 . . Terminal Index 3 | . 1 1 1 Fabricator Hacks . | . . . . Repair Station Hacks 3 | . . . 3 Scan Component 1 | . . . 1 Repair 1 | . . . 1 Refit 1 | . . . 1 Recycling Unit Hacks . | . . . . Scanalyzer 2 | . . 1 1 Retrieve Study 2 | . . 1 1 Garrison Access Hacks . | . . . . Unauthorized Hacks 2 | . 1 . 1 Terminals 2 | . 1 . 1 Track 2 | . 1 . 1 Fabricators . | . . . . Repair Stations . | . . . . Recycling Units . | . . . . Scanalyzers . | . . . . Garrison Access . | . . . . Data Cores Recovered . | . . . . Used . | . . . . Hacking Detections 6 | . 1 2 3 Full Trace Events 1 | . . . 1 Feedback Events . | . . . . Feedback Blocked . | . . . . Robot Schematics Acquired . | . . . . Robots Built . | . . . . Authchips . | . . . . Time . | . . . . Total Robot Build Rating . | . . . . Part Schematics Acquired . | . . . . Parts Built . | . . . . Authchips . | . . . . Time . | . . . . Total Part Build Rating . | . . . . Part Studies Acquired 2 | . . 1 1 Parts Repaired 1 | . . . 1 Time 26 | . . . 26 Parts Recycled . | . . . . Recycled Matter . | . . . . Retrieved Matter . | . . . . Retrieved Components . | . . . . Parts Scanalyzed . | . . . . Part Schematics Acquired . | . . . . Parts Damaged . | . . . . Bothacking | -11 -10 -9 -8 ------------ Run | Yrd Mat Mat Mat Used RIF Installer . | . . . . Robots Hacked . | . . . . Non-combat . | . . . . Combat . | . . . . Robot Hacks Applied . | . . . . Relay Couplers Released . | . . . . Fabnet Peak Effective % . | . . . . Robots Rewired . | . . . . Allies Hacked . | . . . . Hacks Repelled . | . . . . Allies | -11 -10 -9 -8 -------- Run | Yrd Mat Mat Mat Total Allies . | . . . . Largest Group . | . . . . Highest-Rated Group . | . . . . Highest-Rated Ally . | . . . . Total Orders . | . . . . Ally Attacks . | . . . . Total Damage . | . . . . Kills . | . . . . Allies Corrupted . | . . . . Allies Melted . | . . . . Intel | -11 -10 -9 -8 ------- Run | Yrd Mat Mat Mat Active Infowar (turns) 819 | . . 467 352 Seismic 819 | . . 467 352 Robot Analysis Total 1 | . . 1 . Derelict Logs Recovered . | . . . . Drone Launches . | . . . . Drone Recoveries . | . . . . Exploration | -11 -10 -9 -8 ------------- Run | Yrd Mat Mat Mat Turns Passed 1311 | 40 320 467 484 Spaces Moved 993 | 35 292 332 334 Core 22 | 10 . . 12 Treads . | . . . . Legs . | . . . . Wheels 950 | 25 292 332 301 Hover 21 | . . . 21 Flight . | . . . . Fastest Speed 50 | 50 90 90 50 Average Speed 94 | 87 92 99 90 Slowest Speed 450 | 100 105 105 450 Overloaded Moves . | . . . . Propulsion Burnouts . | . . . . Robots Hopped . | . . . . Potential Cave-ins . | . . . . Cave-ins Triggered . | . . . . Exploration Rate (%) 28 | 3 48 31 33 Regions Visited 3 Branch Regions . Pre-discovered Areas . | . . . . Known Exits Taken . | . . . . Unknown Exits Taken 3 | 1 1 1 . Scrap Searched . | . . . . Spaces Dug 6 | . . . 6 Terrain Destroyed 6 | . . . 6 Melee . | . . . . Projectile 6 | . . . 6 AOE . | . . . . Terrain Rammed . | . . . . Walls Destroyed . | . . . . Machines Disabled . | . . . . Actions | -11 -10 -9 -8 --------- Run | Yrd Mat Mat Mat Total 1230 | 41 328 419 442 Wait 94 | . 10 40 44 Move 990 | 34 291 331 334 Hop . | . . . . Pick Up 15 | 2 5 5 3 Fast Attach 23 | 5 5 3 10 Attach 9 | . . 1 8 Detach 4 | . 1 . 3 Swap 8 | . 2 3 3 Drop 20 | . 7 9 4 Fire 66 | . 7 26 33 Melee . | . . . . Ram 1 | . . 1 . Kick . | . . . . Crush . | . . . . Escape Stasis . | . . . . Rewire . | . . . . Trap . | . . . . Miscellaneous . | . . . . Route ------- -11/Scrapyard -10/Materials (discovered 2 exits: *Mat / Min) -9/Materials -8/Materials History --------- Turn | Location | Event 23 | -11/Scrapyard | Discovered new exit (range 15) 41 | -11/Scrapyard | Entered Materials 306 | -10/Materials | Build established: Mutant 314 | -10/Materials | Discovered new exit (range 5) 332 | -10/Materials | Identified exit to Mines 361 | -10/Materials | Entered another Materials area 361 | -9/Materials | Evolved 2 slots: Utility x2 387 | -9/Materials | Central database locked down 527 | -9/Materials | Destroyed 7 combat bots 812 | -9/Materials | Discovered new exit (range 16) 828 | -9/Materials | Entered another Materials area 828 | -8/Materials | Evolved 2 slots: Utility x1, Weapon x1 888 | -8/Materials | Lost 3 parts (2u1w) 933 | -8/Materials | Central database locked down 1052 | -8/Materials | Repaired Wheel 1156 | -8/Materials | Build established: Gunner 1215 | -8/Materials | Lost 4 parts (2u2w) 1268 | -8/Materials | Core integrity fell below 50% 1298 | -8/Materials | Lost 7 parts (1p2n2u2w) 1302 | -8/Materials | Core integrity fell below 20% 1312 | -8/Materials | Destroyed by G-47 Trooper with Particle Gun Last Messages --------------- Critical hit (Burn: +37). Y-45 Defender destroyed. Shotgun+ destroyed. R-06 Scavenger collects Lgt. Treads. Acquired Hrd. Medium Armor Plating. O-16 Technician: "IFF HANDSHAKE FAILED. SECURING TERMINAL." ALERT: Hostiles spotted, dispatching reinforcements to Terminal M002. Hrd. Light Armor Plating destroyed. Critical hit (Burn: +37). Com. Wheel+ destroyed. Mining Laser destroyed. G-47 Trooper destroyed. Acquired 35 matter. Wheel destroyed. Shotgun+ destroyed. Critical hit (Burn: +37). Hrd. Medium Armor Plating destroyed. Hvy. Ion Engine destroyed. Acquired Com. Wheel+. Acquired Reaction Control System. Map ----- +----------------------------------------------------+ | ????????????????????????????????? | | ????????????????????????????????? | | ????????????????????????????????? | | ????????????????????????????????? | | ????????????????????????????????? | | ????????????????????????????????? | | ????????????????????????????????? | | ????????????????????????????????? | | ????????????????????????????????? | | ????????????????????????????????? | | ????????????????????????????????? | | ??????????????####??????????????? | | ????????????? #??????????????? | | ?????????????? /??????????????? | | ???????????? #??????????????? | | ????????# ? ###############? | | ????????# ## #? | | ????????? """ ## #? | | ??????????? """ ## #? | | ????????????""" ## # | | ????????????? ## """ # | | ????#########+##### """"" + | | ????# # / """"" # | | ????# ! # #### """"" # | | ????# g#g #??# """ #? | | ????# *@ gg #??# # | | ????# ! g#g #??# # | | ????# !!o # #??# # | | ????######## #??########"##### | | ???????????# #?????????####??# | | ???????????# +??????##### #### | | ???????????# #??????# # | | ???????????# +??????# # | | ???????????# #??????# """ # | | ???????????# #??????# """ # | | ???????????# #??????# """ # | | ???????????# #??????# # | | ???????????# #??????# """ # | | ???????????? #??????# """ # | | ???????????? #??????# """ *+% | | ???????????? ???????# # | | ??????????????????????# """ + | | ??????????????????????# """ ## | | ??????????????????????# """ #? | | ??????????????????????# #? | | ??????????????????????# """ #? | | ??????????????????????#] """ #? | | ??????????????????????# """ #? | | ??????????????????????# #? | | ??????????????????????##########? | +----------------------------------------------------+ Best States ------------- Heat Dissipation 31 Energy Generation 14 Energy Capacity 280 Matter Stores 300 Matter Capacity 400 Sight Range 16 Terrain Scan Density 10 Armor Coverage 375 Weapon Shielding 33 Evasion (%) 48 Targeting Accuracy 16 Item Schematics ----------------- None Robot Schematics ------------------ None Fabricated ------------ Nothing Repaired ---------- Wheel | 17% | -8/Materials Studied --------- Shotgun | -9/Materials | Hacked Com. Wheel | -8/Materials | Hacked Alien Tech Used ----------------- None Achievements -------------- None Challenges ------------ None Game ------ Seed DynamicLargeNullifier Manual? 0 Play Time 00:30:29 Cumulative 16.2 hours Start 2026.01.04 @ 19:01:01 End 2026.01.04 @ 19:33:33 Sessions 1 Manual Loads 0 Difficulty Rogue Special Mode None Game No. 14 Rogue 14 Adventurer 0 Explorer 0 Win Type - Total 0 Types 0/0/0/0/0/0/0/0/0/0 Lore% 11 Gallery% 12 Achievement% 13 Wizard Run 0 Options --------- Layout 0 ASCII 0 Keyboard 0 Movement Numpad Keybinds 0 Fullscreen 2 Font 18/SmallcapsGlow Map View 76x50 Zoom Use 0% Tactical HUD 0 Map Filters NONE Filters NONE Steam 1 RUN: 1fa52cfe-3fae-42b8-93ea-3ff71e76363f